[Event "WYCC 2018 G16"]
[Site "Halkidiki"]
[Date "2018.10.21"]
[Round "3"]
[White "Hercog, Nusa"]
[Black "Hovhannisyan, Mane"]
[Result "0-1"]
[ECO "D30"]
[WhiteElo "2017"]
[BlackElo "1730"]
[Annotator "NA"]
[PlyCount "118"]
[EventDate "2018.10.20"]
[EventType "swiss"]
[EventCountry "GRE"]
[SourceTitle "playchess.com"]
[Source "ChessBase"]
[SourceQuality "1"]
[TimeControl "40/5400+30:1800+30"]

1. d4 d5 2. c4 e6 3. Nf3 a6 4. c5 Nf6 5. Nc3 Be7 6. Bf4 O-O 7. e3 Ne4 8. Qc2 f5 9. h3 b6 10. cxb6 cxb6 11. Bd3 Nc6 12. a3 Bb7 13. O-O Rc8 14. Bxe4 fxe4 15. Ne5 a5 16. Nxc6 Rxc6 17. Qe2 Qc8 18. Qg4 Ba6 19. Rfd1 Bc4 20. f3 exf3 21. Qxf3 b5 22. Qg4 b4 23. axb4 axb4 24. Ra7 Bf6 25. Be5 Bxe5 26. dxe5 g6 27. Ne2 Bxe2 28. Qxe2 Qb8 29. Rda1 Qxe5 30. Qd2 Qe4 31. Rc1 Rxc1+ 32. Qxc1 d4 33. Qc7 Qxe3+ 34. Kh1 Rf1+ 35. Kh2 Qf4+ 36. Qxf4 Rxf4 37. Kg3 e5 38. Re7 Re4 39. Rb7 Re3+ 40. Kf2 b3 41. Re7 h5 42. Rd7 Re4 43. Rb7 Re3 44. Rc7 Kf8 45. Rd7 Re4 46. Rb7 Re3 47. Rd7 Ke8 48. Rg7 Rd3 49. Ke2 Rg3 50. Kf2 h4 51. Rb7 e4 52. Kf1 e3 53. Rb4 d3 54. Rxh4 e2+ 55. Ke1 Rxg2 56. Re4+ Kf7 57. Kd2 Rg1 58. Rf4+ Kg7 59. Re4 Rd1+ 0-1

[Event "WYCC 2018 G16"]
[Site "Halkidiki"]
[Date "2018.10.21"]
[Round "3"]
[White "Bogdanic, Katarina"]
[Black "Hewawasam, H Y Nevanjee Dimany"]
[Result "1-0"]
[ECO "A05"]
[WhiteElo "2014"]
[BlackElo "1686"]
[Annotator "NA"]
[PlyCount "103"]
[EventDate "2018.10.20"]
[EventType "swiss"]
[EventCountry "GRE"]
[SourceTitle "playchess.com"]
[Source "ChessBase"]
[SourceQuality "1"]
[TimeControl "40/5400+30:1800+30"]

1. Nf3 Nf6 2. g3 e6 3. c4 d5 4. d4 Bb4+ 5. Bd2 Bd6 6. Nc3 c6 7. Qc2 O-O 8. b3 Nbd7 9. Bg2 b6 10. O-O Bb7 11. e4 dxe4 12. Nxe4 Nxe4 13. Qxe4 Qc7 14. Qc2 Nf6 15. Bg5 Be7 16. Rfd1 Rac8 17. Rac1 h6 18. Bf4 Bd6 19. Bxd6 Qxd6 20. Ne5 Rfd8 21. Qe2 Qe7 22. Qf3 Qc7 23. b4 Ba8 24. Qe3 Bb7 25. Qa3 Ne8 26. b5 Ba8 27. Bxc6 f6 28. Ng6 Kf7 29. Bxa8 Rxa8 30. Nf4 g5 31. Ng2 Qb7 32. Qd3 Ng7 33. Ne3 h5 34. d5 Qc8 35. dxe6+ Qxe6 36. Nd5 Qg4 37. Qc3 Qf5 38. Rd3 g4 39. Re1 Ne6 40. Rde3 Re8 41. h4 Rad8 42. f3 Nc5 43. fxg4 Rxe3 44. Qxe3 hxg4 45. Qe7+ Kg6 46. Qxd8 Qf3 47. Qg8+ Kh6 48. Qh8+ Kg6 49. Nf4+ Kf7 50. Qe8+ Kg7 51. Re7+ Kh6 52. Qg6# 1-0

[Event "WYCC 2018 G16"]
[Site "Halkidiki"]
[Date "2018.10.21"]
[Round "3"]
[White "Jarocka, Liwia"]
[Black "Goltseva, Ekaterina"]
[Result "0-1"]
[ECO "C92"]
[WhiteElo "1990"]
[BlackElo "2169"]
[Annotator "NA"]
[PlyCount "92"]
[EventDate "2018.10.20"]
[EventType "swiss"]
[EventCountry "GRE"]
[SourceTitle "playchess.com"]
[Source "ChessBase"]
[SourceQuality "1"]
[TimeControl "40/5400+30:1800+30"]

1. e4 e5 2. Nf3 Nc6 3. Bb5 a6 4. Ba4 Nf6 5. O-O Be7 6. Re1 b5 7. Bb3 d6 8. c3 O-O 9. h3 Nd7 10. d4 Bf6 11. d5 Ne7 12. a4 Bb7 13. Be3 Qb8 14. Nbd2 c6 15. dxc6 Bxc6 16. axb5 axb5 17. Bc2 Qb7 18. Rxa8 Rxa8 19. b4 d5 20. Qb1 h6 21. Nh2 d4 22. cxd4 exd4 23. Bf4 Ng6 24. Bd6 d3 25. Bd1 Rd8 26. Nhf3 Nde5 27. Nxe5 Nxe5 28. Bxe5 Bxe5 29. Bf3 Bc3 30. Qc1 Bxb4 31. Re3 Be7 32. Qb1 Qd7 33. Bg4 Qd4 34. Nf3 Qc3 35. Ne1 b4 36. Be2 Bc5 37. Rxd3 Rxd3 38. Bxd3 Qd2 39. Nf3 Qxf2+ 40. Kh1 Bd7 41. Ne5 Be6 42. Bc4 Bxc4 43. Nxc4 b3 44. Kh2 Qc2 45. Qf1 b2 46. Ne5 Bf2 0-1

[Event "WYCC 2018 G16"]
[Site "Halkidiki"]
[Date "2018.10.21"]
[Round "3"]
[White "Aciu, Malina-Andreea"]
[Black "Simkunaite, Gabija"]
[Result "1/2-1/2"]
[ECO "B32"]
[WhiteElo "1976"]
[BlackElo "1650"]
[Annotator "NA"]
[PlyCount "94"]
[EventDate "2018.10.20"]
[EventType "swiss"]
[EventCountry "GRE"]
[SourceTitle "playchess.com"]
[Source "ChessBase"]
[SourceQuality "1"]
[TimeControl "40/5400+30:1800+30"]

1. e4 c5 2. Nf3 Nc6 3. d4 cxd4 4. Nxd4 e5 5. Nb3 Nf6 6. Nc3 Bb4 7. Bd3 Bxc3+ 8. bxc3 O-O 9. Bg5 d6 10. O-O Be6 11. Kh1 h6 12. Bh4 g5 13. Bg3 Ne7 14. h4 Ng6 15. h5 Nf4 16. Bxf4 exf4 17. Nd4 Rc8 18. g3 Bg4 19. f3 Bh3 20. gxf4 Bxf1 21. Qxf1 Nh7 22. Nf5 Qf6 23. e5 dxe5 24. fxe5 Qe6 25. Qe1 Rc5 26. Qe4 Kh8 27. Nd4 Qh3+ 28. Kg1 f5 29. Nxf5 Rxf5 30. Qxf5 Qxf5 31. Bxf5 Rxe5 32. Bxh7 Kxh7 33. Rb1 b6 34. Kf2 Ra5 35. Rb2 Ra3 36. c4 Rc3 37. Kg3 Rxc4 38. Rb3 Rxc2 39. Ra3 a5 40. Rb3 Rc6 41. f4 Kg7 42. Rb5 Kf6 43. fxg5+ hxg5 44. Kg4 Rd6 45. Rf5+ Kg7 46. Rxg5+ Kh6 47. Rb5 Rd4+ 1/2-1/2

[Event "WYCC 2018 G16"]
[Site "Halkidiki"]
[Date "2018.10.21"]
[Round "3"]
[White "Djidjeli, Sarah"]
[Black "Bach, Ngoc Thuy Duong"]
[Result "0-1"]
[ECO "B92"]
[WhiteElo "1952"]
[BlackElo "2161"]
[Annotator "NA"]
[PlyCount "84"]
[EventDate "2018.10.20"]
[EventType "swiss"]
[EventCountry "GRE"]
[SourceTitle "playchess.com"]
[Source "ChessBase"]
[SourceQuality "1"]
[TimeControl "40/5400+30:1800+30"]

1. e4 c5 2. Nf3 d6 3. d4 cxd4 4. Nxd4 Nf6 5. Nc3 a6 6. Be2 e5 7. Nb3 Be7 8. Be3 Be6 9. Nd5 Nxd5 10. exd5 Bf5 11. O-O O-O 12. Qd2 Nd7 13. Na5 Qc8 14. c4 Bd8 15. Rac1 Rb8 16. Rfd1 Bg6 17. Nb3 b6 18. Na1 a5 19. a3 a4 20. f4 Bf6 21. Rf1 exf4 22. Bxf4 Qc7 23. b4 axb3 24. Nxb3 Nc5 25. Nxc5 Qxc5+ 26. Be3 Qxa3 27. Rxf6 gxf6 28. Bd4 Rfe8 29. Rf1 Re4 30. Bf3 Rxd4 31. Qxd4 Qc5 32. Qf2 Qxc4 33. Be2 Qxd5 34. Qxf6 Qe5 35. Qf3 Re8 36. Rf2 Qe3 37. Qg4 Re4 38. Qc8+ Kg7 39. g3 Rb4 40. Qd7 Rb1+ 41. Kg2 Be4+ 42. Kh3 Qxf2 0-1

[Event "WYCC 2018 G16"]
[Site "Halkidiki"]
[Date "2018.10.21"]
[Round "3"]
[White "Hajiyeva, Laman"]
[Black "Smith, Elani"]
[Result "1-0"]
[ECO "A57"]
[WhiteElo "1916"]
[BlackElo "1393"]
[Annotator "NA"]
[PlyCount "65"]
[EventDate "2018.10.20"]
[EventType "swiss"]
[EventCountry "GRE"]
[SourceTitle "playchess.com"]
[Source "ChessBase"]
[SourceQuality "1"]
[TimeControl "40/5400+30:1800+30"]

1. d4 Nf6 2. c4 c5 3. d5 b5 4. cxb5 a6 5. b6 Qxb6 6. Nc3 d6 7. e4 g6 8. Nf3 Bg7 9. Nd2 O-O 10. Be2 Nbd7 11. Nc4 Qd8 12. O-O Nb6 13. Ne3 Bd7 14. a4 a5 15. f4 Qc7 16. Bd2 Rfb8 17. Qc2 Ne8 18. Nb5 Qb7 19. Nc3 Nc7 20. f5 Na6 21. fxg6 fxg6 22. Ng4 Bxg4 23. Bxg4 Rf8 24. Qd3 Nb4 25. Qh3 Nc4 26. Bh6 Nxb2 27. Rab1 Nc4 28. Ne2 Qc7 29. Nf4 Bxh6 30. Qxh6 e5 31. Be6+ Rf7 32. Nxg6 hxg6 33. Qxg6+ 1-0

[Event "WYCC 2018 G16"]
[Site "Halkidiki"]
[Date "2018.10.21"]
[Round "3"]
[White "Nemcova, Karin"]
[Black "Cohen, Yael"]
[Result "1-0"]
[ECO "B78"]
[WhiteElo "1888"]
[BlackElo "1602"]
[Annotator "NA"]
[PlyCount "51"]
[EventDate "2018.10.20"]
[EventType "swiss"]
[EventCountry "GRE"]
[SourceTitle "playchess.com"]
[Source "ChessBase"]
[SourceQuality "1"]
[TimeControl "40/5400+30:1800+30"]

1. e4 c5 2. Nf3 d6 3. d4 cxd4 4. Nxd4 Nf6 5. Nc3 g6 6. Be3 Bg7 7. f3 Nc6 8. Qd2 O-O 9. Bc4 Bd7 10. O-O-O Rc8 11. Bb3 Ne5 12. Kb1 Nc4 13. Bxc4 Rxc4 14. g4 a6 15. h4 b5 16. h5 Qc7 17. hxg6 fxg6 18. Nd5 Nxd5 19. exd5 Bxd4 20. Bxd4 e5 21. dxe6 Bxe6 22. b3 Rc6 23. Bb2 Qb6 24. Rxh7 Kxh7 25. Rh1+ Kg8 26. Qg5 1-0

[Event "WYCC 2018 G16"]
[Site "Halkidiki"]
[Date "2018.10.21"]
[Round "3"]
[White "Moerwald, Magdalena"]
[Black "Berdnyk, Mariia"]
[Result "0-1"]
[ECO "B33"]
[WhiteElo "1875"]
[BlackElo "2179"]
[Annotator "NA"]
[PlyCount "54"]
[EventDate "2018.10.20"]
[EventType "swiss"]
[EventCountry "GRE"]
[SourceTitle "playchess.com"]
[Source "ChessBase"]
[SourceQuality "1"]
[TimeControl "40/5400+30:1800+30"]

1. e4 c5 2. Nf3 Nc6 3. d4 cxd4 4. Nxd4 Nf6 5. Nc3 e6 6. a3 Be7 7. Be3 O-O 8. Bc4 a6 9. O-O Qc7 10. Bb3 Ne5 11. f3 $11 b5 12. Nce2 Bb7 13. Qe1 d5 14. exd5 Nxd5 15. Bf2 Bd6 16. Ng3 Ng6 17. Rd1 Rfe8 18. Ne4 Bxh2+ 19. Kh1 Be5 20. a4 bxa4 21. Bxa4 Red8 22. Bb3 Ndf4 23. c3 Qe7 24. Be3 Bxe4 25. fxe4 Qg5 26. Rd2 Qh5+ 27. Kg1 Nd3 0-1

[Event "WYCC 2018 G16"]
[Site "Halkidiki"]
[Date "2018.10.21"]
[Round "3"]
[White "Nayberg, Simona"]
[Black "Palma, Maria"]
[Result "1-0"]
[ECO "C14"]
[WhiteElo "1857"]
[BlackElo "2106"]
[Annotator "NA"]
[PlyCount "85"]
[EventDate "2018.10.20"]
[EventType "swiss"]
[EventCountry "GRE"]
[SourceTitle "playchess.com"]
[Source "ChessBase"]
[SourceQuality "1"]
[TimeControl "40/5400+30:1800+30"]

1. e4 e6 2. d4 d5 3. Nc3 Nf6 4. Bg5 Be7 5. e5 Nfd7 6. Bxe7 Qxe7 7. f4 O-O 8. Nf3 c5 9. Bd3 f6 10. exf6 Nxf6 11. dxc5 Qxc5 12. Qd2 Nc6 13. O-O-O Nb4 14. Kb1 a6 15. Rhg1 b5 16. g4 Nxd3 17. Qxd3 b4 $11 18. Ne2 Ne4 19. Rdf1 a5 20. Nd2 Nxd2+ 21. Qxd2 a4 22. Nd4 b3 23. cxb3 axb3 24. Nxb3 Qa7 25. Nc1 Qa4 26. Qe3 Bd7 27. Rg3 Rfc8 28. Qb3 Qa5 29. Rc3 Bb5 30. Rxc8+ Rxc8 31. Rf3 Ba4 32. Qe3 Bc2+ 33. Ka1 Be4 34. Rf1 Rc2 35. Nb3 Qa6 36. Rc1 Re2 37. Qc3 Rxh2 38. Nc5 Qe2 39. Nxe6 Bc2 40. Qc8+ Kf7 41. Qd7+ Kf6 42. g5+ Kg6 43. Qe8+ 1-0

[Event "WYCC 2018 G16"]
[Site "Halkidiki"]
[Date "2018.10.21"]
[Round "3"]
[White "Nguyen, Vu Thu Hien"]
[Black "Gomez Barrera, Javiera Belen"]
[Result "1/2-1/2"]
[ECO "E62"]
[WhiteElo "1841"]
[BlackElo "2136"]
[Annotator "NA"]
[PlyCount "103"]
[EventDate "2018.10.20"]
[EventType "swiss"]
[EventCountry "GRE"]
[SourceTitle "playchess.com"]
[Source "ChessBase"]
[SourceQuality "1"]
[TimeControl "40/5400+30:1800+30"]

1. d4 Nf6 2. Nf3 g6 3. g3 Bg7 4. Bg2 d6 5. c4 O-O 6. O-O Nc6 7. Nc3 e5 8. dxe5 dxe5 9. Qc2 Be6 10. Rd1 Qc8 11. Bg5 h6 12. Bxf6 Bxf6 13. Ne4 Bg7 14. Nc5 Bg4 15. Qa4 Rb8 16. Rd2 a6 17. Rad1 Nd4 18. b4 c6 19. Nxd4 exd4 20. Nb3 d3 21. f3 dxe2 22. Rxe2 Be6 23. c5 Re8 24. Na5 Bd5 25. Qc2 Rxe2 26. Qxe2 Qe6 27. Qxe6 Bxe6 28. f4 Bc3 29. a3 Bb2 30. Rd3 Bf5 31. Rb3 Bd4+ 32. Kf1 h5 33. h3 Kg7 34. g4 hxg4 35. hxg4 Bxg4 36. Rg3 Be6 37. Be4 f5 38. Bg2 Re8 39. a4 Re7 40. Rd3 Rd7 41. Bf3 g5 42. fxg5 Kg6 43. Kg2 Kxg5 44. Nxb7 Bc4 45. Bxc6 Bxd3 46. Bxd7 Be4+ 47. Kf1 Bxb7 48. c6 Bxc6 49. Bxc6 Bc3 50. b5 axb5 51. axb5 Bd4 52. Bd7 1/2-1/2

[Event "WYCC 2018 G16"]
[Site "Halkidiki"]
[Date "2018.10.21"]
[Round "3"]
[White "Zhang, Cindy"]
[Black "Meenal Gupta"]
[Result "0-1"]
[ECO "A45"]
[WhiteElo "1790"]
[BlackElo "2065"]
[Annotator "NA"]
[PlyCount "90"]
[EventDate "2018.10.20"]
[EventType "swiss"]
[EventCountry "GRE"]
[SourceTitle "playchess.com"]
[Source "ChessBase"]
[SourceQuality "1"]
[TimeControl "40/5400+30:1800+30"]

1. d4 Nf6 2. Bf4 e6 3. e3 c5 4. Nd2 b6 5. Ngf3 Bb7 6. Nc4 d5 7. Nce5 Nbd7 8. c3 a6 9. Bd3 Be7 10. h3 Nxe5 11. Nxe5 Nd7 12. O-O O-O 13. Qh5 f5 14. Rfd1 c4 15. Bc2 b5 16. Nxd7 Qxd7 17. f3 a5 18. Be5 Bc6 19. e4 Qc8 20. exf5 exf5 21. f4 Rf7 22. Re1 Bf8 23. Re3 Ra6 24. Rae1 Bd7 25. Qf3 Qb7 26. b3 Rb6 27. Bd1 Bc6 28. Qf2 b4 29. bxc4 dxc4 30. Be2 Bd5 31. Qf1 Qc6 32. Bh5 g6 33. Bf3 Rd7 34. h4 h5 35. Bd1 bxc3 36. Rg3 Kh7 37. Bxh5 gxh5 38. Rg5 Rb2 39. Rxh5+ Bh6 40. Re2 Bxg2 41. Qf2 Rxe2 42. Qxe2 Bf3 43. Rxh6+ Kxh6 44. Qc2 Qg6+ 45. Kf1 Qg2+ 0-1

[Event "WYCC 2018 G16"]
[Site "Halkidiki"]
[Date "2018.10.21"]
[Round "3"]
[White "Mikic, Ivana"]
[Black "Cramling Bellon, Anna"]
[Result "1/2-1/2"]
[ECO "B40"]
[WhiteElo "1783"]
[BlackElo "2025"]
[Annotator "NA"]
[PlyCount "114"]
[EventDate "2018.10.20"]
[EventType "swiss"]
[EventCountry "GRE"]
[SourceTitle "playchess.com"]
[Source "ChessBase"]
[SourceQuality "1"]
[TimeControl "40/5400+30:1800+30"]

1. e4 c5 2. Nf3 e6 3. d4 cxd4 4. Nxd4 Nf6 5. Nc3 Nc6 6. Be3 Bb4 7. Bd3 O-O 8. O-O d5 9. exd5 exd5 10. Nce2 {[%emt 0:04:49] B45: Sicilian Four Knights} (10. Nxc6 bxc6 11. Na4 Re8 12. Bf4 Bg4 13. f3 Be6 14. c3 Bd6 15. Bxd6 Qxd6 16. b4 d4 17. Ba6 Rad8 18. Qxd4 Qxd4+ 19. cxd4 Rxd4 {0-1 (54) Danilovic,A (2364)-Bakic,R (2414) Vrnjacka Banja 1999}) 10... Bd6 11. c3 Ng4 12. Bf4 $146 ({Predecessor:} 12. Nxc6 Bxh2+ 13. Kh1 Qh4 14. g3 Bxg3+ 15. Kg2 Nxe3+ 16. fxe3 Qh3+ {0-1 (16) Ruiz,J (2108)-Daverio,E (2047) Geneve 2007}) 12... Nxd4 13. cxd4 Bxf4 14. Nxf4 Qd6 15. g3 g5 16. Ng2 Qh6 17. h4 gxh4 18. Nxh4 f5 19. Qf3 f4 20. Qxd5+ Be6 21. Qe4 Rad8 22. b3 Kh8 23. Bc4 Bf5 24. Qf3 fxg3 25. fxg3 Bd7 26. Qc3 Qg7 27. Rxf8+ Rxf8 28. Rc1 Nf6 29. Rf1 Ne4 30. Rxf8+ Qxf8 31. Qe3 Nf6 32. Qe5 Kg7 33. Nf5+ Bxf5 34. Qxf5 Qe7 35. Qe5 Qxe5 36. dxe5 Ng4 37. Bd5 b6 38. e6 Kf6 39. b4 Ne3 40. Bb3 Nf5 41. Kf2 Nd4 42. e7 Kxe7 43. Bg8 h6 44. Bh7 Kd6 45. Be4 Ke5 46. Ke3 Nb5 47. Bc6 Nd6 48. g4 Nf7 49. Be8 Ng5 50. a4 Ne4 51. Bc6 Nf6 52. Kf3 Ng8 53. a5 bxa5 54. bxa5 Nf6 $11 55. a6 Kd6 56. Be4 Ke5 57. Bc6 Kd6 1/2-1/2

[Event "WYCC 2018 G16"]
[Site "Halkidiki"]
[Date "2018.10.21"]
[Round "3"]
[White "Kalyva, Kyriaki"]
[Black "Kucharska, Honorata"]
[Result "1/2-1/2"]
[ECO "A53"]
[WhiteElo "1779"]
[BlackElo "2073"]
[Annotator "NA"]
[PlyCount "130"]
[EventDate "2018.10.20"]
[EventType "swiss"]
[EventCountry "GRE"]
[SourceTitle "playchess.com"]
[Source "ChessBase"]
[SourceQuality "1"]
[TimeControl "40/5400+30:1800+30"]

1. d4 d6 2. c4 Nf6 3. Nc3 Nbd7 4. e4 e5 5. Nf3 g6 6. g3 Bg7 7. Bg2 O-O 8. O-O c6 9. Re1 Qc7 10. b3 {[%emt 0:07:07] E68: King's Indian: Fianchetto: 6...Nbd7 7 0-0 e5 8 e4} Re8 11. Ba3 $146 ({Predecessor:} 11. h3 exd4 12. Nxd4 Nc5 13. Bf4 Nh5 14. Be3 Nf6 15. f3 Ne6 16. Qd2 Nxd4 17. Bxd4 Be6 18. Rad1 Rad8 19. f4 Bc8 20. Qf2 b6 {1-0 (42) Rozum,I (2573)-Murzin,V (2340) Sochi 2018}) 11... Bf8 12. d5 c5 13. Bc1 a6 14. a4 Bg7 15. Ra2 Nf8 16. Qd3 Bd7 17. Nh4 Qd8 18. h3 Nh5 19. Rae2 Rb8 20. Nf3 f5 21. Nh2 Nf6 22. f4 Nh5 23. exf5 gxf5 24. fxe5 Bxe5 25. g4 Ng7 26. Nf3 Ng6 27. Nxe5 Nxe5 28. Qg3 Qf6 29. gxf5 Bxf5 30. Ne4 Bxe4 31. Bxe4 Ng6 32. Bb2 Qf4 33. Qxf4 Nxf4 34. Re3 Rf8 35. Bc2 Nf5 36. Rf3 Nd4 37. Rg3+ Kf7 38. Bxd4 cxd4 39. Bxh7 Rbe8 40. Rf1 Ke7 41. Rgf3 Ne2+ 42. Kf2 Nc3 43. Re1+ Kd8 44. Rxe8+ Rxe8 45. Rd3 Rf8+ 46. Rf3 Re8 47. Rf4 Re2+ 48. Kf3 Re3+ 49. Kg4 Ne2 50. Rf3 Re7 (50... Nc1 $16) 51. Bd3 Rg7+ 52. Kh4 Nc1 {[%emt 0:01:04] [#]} 53. Kh5 ({White should play} 53. b4 $1 $16) 53... Nxb3 54. Kh6 Re7 55. h4 Nc5 (55... Re3 $1 $11 56. Be2 Ke7) 56. Kg6 Nd7 57. Rh3 Ne5+ 58. Kg5 Ke8 59. h5 Kf8 60. h6 Kg8 61. Kf6 Re8 62. Bf5 Kh8 63. Rb3 $2 Rf8+ 64. Ke6 Re8+ $18 (64... b6 $16 65. a5 (65. Rxb6 Re8+ 66. Kf6 Rf8+ 67. Ke6 Re8+ 68. Kf6 Rf8+ 69. Ke6 $11) 65... Re8+ 66. Kxd6 Nxc4+ 67. Kd7 Re5) 65. Kf6 (65. Kxd6 $18 Nxc4+ 66. Kc5) 65... Rf8+ 1/2-1/2

[Event "WYCC 2018 G16"]
[Site "Halkidiki"]
[Date "2018.10.21"]
[Round "3"]
[White "Staravoitava, Hanna"]
[Black "Duson, Robin"]
[Result "0-1"]
[ECO "A02"]
[WhiteElo "1768"]
[BlackElo "1999"]
[Annotator "NA"]
[PlyCount "92"]
[EventDate "2018.10.20"]
[EventType "swiss"]
[EventCountry "GRE"]
[SourceTitle "playchess.com"]
[Source "ChessBase"]
[SourceQuality "1"]
[TimeControl "40/5400+30:1800+30"]

1. f4 Nf6 2. Nf3 d5 3. e3 e6 4. b3 c5 5. Bb2 Bd6 6. Bb5+ Bd7 7. Bxd7+ Nbxd7 8. O-O O-O 9. d3 Qc7 10. Nc3 a6 11. Qe1 Rfe8 12. Qh4 e5 13. Ng5 h6 14. Nxd5 Nxd5 15. Nxf7 Re7 16. Nxd6 Qxd6 17. fxe5 Nxe5 18. e4 Nf6 19. Rf5 c4 20. Qg3 Rae8 21. Raf1 Nfd7 22. d4 Nf7 23. e5 Qd5 24. Qf4 Nd8 25. Ba3 Ne6 26. Qf2 Nxd4 27. Rf4 Ne6 28. bxc4 Qc6 29. Rf5 Ndc5 30. Rf7 b6 31. Rf5 Rd7 32. Rf7 Qb7 33. Rf3 Ne4 34. Qe1 N4g5 35. Rg3 Qe4 36. Re3 Qxc4 37. h4 Nf7 38. Qf2 Nd4 39. c3 Nc6 40. Qf5 Nfxe5 41. Qh5 Rf7 42. Rxf7 Qxf7 43. Qe2 b5 44. h5 Qc4 45. Qd2 Rd8 46. Qe1 Qa4 0-1

[Event "WYCC 2018 G16"]
[Site "Halkidiki"]
[Date "2018.10.21"]
[Round "3"]
[White "Ge, Eva"]
[Black "Sanskriti Goyal"]
[Result "0-1"]
[ECO "C14"]
[WhiteElo "1701"]
[BlackElo "1971"]
[Annotator "NA"]
[PlyCount "58"]
[EventDate "2018.10.20"]
[EventType "swiss"]
[EventCountry "GRE"]
[SourceTitle "playchess.com"]
[Source "ChessBase"]
[SourceQuality "1"]
[TimeControl "40/5400+30:1800+30"]

1. e4 e6 2. d4 d5 3. Nc3 Nf6 4. Bg5 Be7 5. e5 Nfd7 6. Bxe7 Qxe7 7. f4 O-O 8. Nf3 c5 9. dxc5 Nxc5 10. Bd3 Nc6 11. Qd2 a6 12. O-O f6 13. exf6 Qxf6 14. g3 Bd7 15. a3 Be8 16. Rae1 Nxd3 17. Qxd3 Bg6 18. Qd2 Bf5 19. Ne5 Nxe5 20. Rxe5 Rac8 21. Rc1 Qg6 22. Ne2 Rxc2 23. Rxc2 Bxc2 24. Nd4 Bf5 25. Qc3 Bh3 26. Nf3 Rxf4 27. Kf2 Rf8 28. Ke3 Bg4 29. Ke2 Rxf3 0-1

[Event "WYCC 2018 G16"]
[Site "Halkidiki"]
[Date "2018.10.21"]
[Round "3"]
[White "Golsta, Ramona"]
[Black "Rudzinska, Michalina"]
[Result "1/2-1/2"]
[ECO "A43"]
[WhiteElo "1681"]
[BlackElo "2073"]
[Annotator "NA"]
[PlyCount "130"]
[EventDate "2018.10.20"]
[EventType "swiss"]
[EventCountry "GRE"]
[SourceTitle "playchess.com"]
[Source "ChessBase"]
[SourceQuality "1"]
[TimeControl "40/5400+30:1800+30"]

1. d4 c5 2. d5 Nf6 3. Nc3 d6 4. e4 g6 5. Nf3 Bg7 6. Be2 O-O 7. O-O Na6 8. Bg5 h6 9. Bf4 Nc7 10. h3 b5 11. Nd2 b4 12. Nb5 Nxb5 13. Bxb5 Nd7 14. Rb1 f5 15. exf5 Rxf5 16. Bg3 Kh7 17. Bd3 Rf8 18. Nf3 Ne5 19. Nxe5 dxe5 20. Re1 Bb7 21. Qh5 Qd6 22. Bxe5 Bxe5 23. Rxe5 Kg7 24. Qe2 Bxd5 25. Rxe7+ Rf7 26. Qe5+ Qxe5 27. Rxe5 Rd8 28. Rbe1 c4 29. Rxd5 Rxd5 30. Bxc4 Rd2 31. Bxf7 Kxf7 32. Re4 a5 33. Rc4 Rd1+ 34. Kh2 Ra1 35. a3 bxa3 36. bxa3 Rxa3 37. Rc8 Ra1 38. Ra8 Rc1 39. Rxa5 Rxc2 40. Kg3 Rc6 41. h4 h5 42. Ra4 Rb6 43. Kh3 Kg7 44. Ra3 Rc6 45. g4 hxg4+ 46. Kxg4 Rc4+ 47. f4 Rc1 48. Rg3 Kh6 49. Rg2 Ra1 50. Kf3 Ra3+ 51. Ke4 Ra4+ 52. Kf3 Ra3+ 53. Kg4 Ra1 54. Rd2 Rg1+ 55. Kh3 Rh1+ 56. Kg3 Rg1+ 57. Rg2 Ra1 58. Rc2 Rg1+ 59. Kf3 Ra1 60. Rc6 Ra3+ 61. Kg4 Ra5 62. Rf6 Kg7 63. Re6 Ra1 64. Rb6 Rg1+ 65. Kh3 Rh1+ 1/2-1/2

[Event "WYCC 2018 G16"]
[Site "Halkidiki"]
[Date "2018.10.21"]
[Round "3"]
[White "Akti, Ezgi"]
[Black "Ouellet, Maili-Jade"]
[Result "0-1"]
[ECO "B40"]
[WhiteElo "1643"]
[BlackElo "2122"]
[Annotator "NA"]
[PlyCount "116"]
[EventDate "2018.10.20"]
[EventType "swiss"]
[EventCountry "GRE"]
[SourceTitle "playchess.com"]
[Source "ChessBase"]
[SourceQuality "1"]
[TimeControl "40/5400+30:1800+30"]

1. e4 c5 2. Nf3 e6 3. c3 d5 4. exd5 Qxd5 5. d4 Nf6 6. Bd3 cxd4 7. cxd4 Bb4+ {[%emt 0:00:06] B22: Sicilian: 2 c3} (7... Be7 8. Nc3 Qd6 9. O-O O-O 10. Qe2 Nc6 11. Rd1 b6 12. Nb5 Qd8 13. Ne5 Bb7 14. Bg5 g6 15. Rac1 Nb4 16. Bc4 Nbd5 17. Re1 a6 18. Nc3 b5 19. Bb3 Rc8 20. Bh6 Re8 21. Nxf7 Bb4 22. Nxd8 {1-0 (22) Kosteniuk,A (2541)-Ju,W (2568) Beijing 2014}) 8. Bd2 Bxd2+ 9. Qxd2 O-O 10. Nc3 Qh5 11. O-O $146 ({Predecessor:} 11. Ne5 Nd5 12. Nxd5 exd5 13. O-O f6 14. Be2 Qe8 15. Ng4 {½-½ (52) Rusche,J (2170)-Burschowsky,M (2214) Austria 2009}) 11... Nc6 12. a3 Rd8 13. Rad1 b6 14. Be2 Qf5 15. Qc1 Bb7 16. Nh4 Qa5 17. b4 Nxb4 18. axb4 Qxb4 19. Na2 Qa4 20. Qb2 Rac8 21. Bb5 Qa5 22. Rd3 a6 23. Nc3 Rxc3 24. Rxc3 Qxb5 25. Qxb5 axb5 26. Nf3 Nd5 27. Rc2 Ra8 28. h3 f6 29. Re1 Kf7 30. Nd2 Ke7 31. Rb2 b4 32. Nc4 Ra4 33. Rc1 Kd7 34. Ne3 Nxe3 35. fxe3 Bd5 36. e4 Bxe4 37. Rc4 Ra1+ 38. Kf2 b3 39. Rb4 Bd5 40. Rxb6 Kc7 41. Rb4 Ra2 42. Re2 h5 43. h4 g5 44. g3 gxh4 45. gxh4 f5 46. Kf1 Rxe2 47. Kxe2 f4 48. Kd3 f3 49. Ke3 Kd6 50. Rb8 Ke7 51. Rc8 Kf6 52. Rg8 e5 53. dxe5+ Kxe5 54. Rd8 Ke6 55. Kd3 b2 56. Kc2 f2 57. Rf8 Be4+ 58. Kxb2 Bf5 0-1

[Event "WYCC 2018 G16"]
[Site "Halkidiki"]
[Date "2018.10.21"]
[Round "3"]
[White "De Freitas, Isabella Ribeiro Co"]
[Black "De Silva, Tenara"]
[Result "0-1"]
[ECO "A22"]
[WhiteElo "1605"]
[BlackElo "1927"]
[Annotator "NA"]
[PlyCount "146"]
[EventDate "2018.10.20"]
[EventType "swiss"]
[EventCountry "GRE"]
[SourceTitle "playchess.com"]
[Source "ChessBase"]
[SourceQuality "1"]
[TimeControl "40/5400+30:1800+30"]

1. c4 Nf6 2. Nc3 e5 3. g3 Nc6 4. Bg2 Bc5 5. a3 a6 6. b4 Bd4 7. Bb2 d6 8. Nf3 Ba7 9. O-O Be6 10. d3 O-O 11. Ng5 Rb8 12. Nxe6 fxe6 13. e3 Qd7 14. Ne4 Nxe4 15. Bxe4 Qf7 16. Rc1 Ne7 17. c5 Nf5 18. Qc2 Qh5 19. d4 exd4 20. exd4 Qg4 21. Bxf5 Rxf5 22. Rce1 Qh3 23. Qe4 Rf6 24. Re2 d5 25. Qg2 Qf5 26. Rfe1 Rbf8 27. f4 c6 28. Re5 Qg6 29. Qh3 Bb8 30. Rxe6 Bxf4 31. Rxf6 Rxf6 32. Qc8+ Rf8 33. Qe6+ Qxe6 34. Rxe6 Bg5 35. h4 Bf6 36. a4 Kf7 37. Re1 Kg6 38. Kg2 Kf5 39. Kf3 h5 40. Bc3 g5 41. hxg5 Kxg5 42. Bd2+ Kg6 43. Ke3 Re8+ 44. Kd3 Rxe1 45. Bxe1 Kf5 46. Ke3 Kg4 47. Kd3 Bd8 48. b5 axb5 49. axb5 cxb5 50. Bf2 Bc7 51. Kc3 Kf3 52. g4 hxg4 53. Bg1 Ba5+ 54. Kb3 g3 55. Kb2 Ke2 56. Kc2 Kf1 57. Be3 g2 58. c6 bxc6 59. Kb3 g1=Q 60. Bxg1 Kxg1 61. Kc2 Kf2 62. Kd3 b4 63. Kc2 Ke3 64. Kb3 Kxd4 65. Kc2 c5 66. Kd2 b3+ 67. Kc1 c4 68. Kd1 c3 69. Kc1 c2 70. Kb2 Bd2 71. Kxb3 c1=Q 72. Ka2 Bc3 73. Kb3 Qb2+ 0-1